 Dungeon Crawl Stone Soup version 0.26-a0-597-gb535b0901c (webtiles) character file.

Game seed: 12001463184546979173

35596 HoaS the Cruncher (level 14, -9/111 HPs)
             Began as a Formicid Fighter on Sept 1, 2020.
             Was the Champion of Makhleb.
             Mangled by a dream sheep (19 damage)
             ... on level 6 of the Lair of Beasts.
             The game lasted 00:39:19 (15146 turns).

HoaS the Cruncher (Formicid Fighter)               Turns: 15146, Time: 00:39:19

Health: -9/111     AC: 25    Str: 41    XL:     14   Next: 19%
Magic:  5/5        EV: 14    Int:  8    God:    Makhleb [******]
Gold:   791        SH:  0    Dex: 16    Spells: 13/13 levels left

rFire    . . .     SeeInvis +   a - +2 quarterstaff
rCold    . . .     Faith    .   c - +0 kite shield
rNeg     . . .     Spirit   .   J - +3 plate armour of Wouxte {MP-9 Str+9 Stlth+}
rPois    .         Reflect  .   (helmet unavailable)
rElec    .         Harm     .   C - +1 cloak {Stlth+}
rCorr    .                      o - +1 pair of gloves
MR       +....                  f - +1 pair of boots
Stlth    ..........             L - amulet of regeneration
HPRegen  0.68/turn              j - +6 ring of strength
MPRegen  0.09/turn              e - +6 ring of dexterity

@: sleeping
A: permanent stasis, dig shafts and tunnels, four strong arms, antennae 3
a: Dig, Shaft Self, Minor Destruction, Lesser Servant of Makhleb, Major
Destruction, Greater Servant of Makhleb, Renounce Religion


You were on level 6 of the Lair of Beasts.
You worshipped Makhleb.
Makhleb was exalted by your worship.
You visited 3 branches of the dungeon, and saw 17 of its levels.
You also visited: Ossuary.

You collected 791 gold pieces.

Inventory:

Hand Weapons
 a - a +2 quarterstaff (weapon)
 K - a +0 arbalest
Missiles
 p - 201 bolts
Armour
 c - a +0 kite shield (worn)
 f - a +1 pair of boots (worn)
 o - a +1 pair of gloves (worn)
 x - a scarf of repulsion
 C - a +1 cloak of stealth (worn)
 J - the +3 plate armour of Wouxte (worn) {MP-9 Str+9 Stlth+}
   (You found it on level 10 of the Dungeon)

   It affects your strength (+9).
   It affects your magic capacity (-9).
   It makes you more stealthy.
Jewellery
 e - a +6 ring of dexterity (right hand)
 j - a +6 ring of strength (left hand)
 q - an uncursed ring of protection from magic
 w - an uncursed ring of flight
 F - an uncursed ring of ice
 L - an amulet of regeneration (around neck)
 P - an uncursed ring of ice
Wands
 d - a wand of polymorph (9)
 r - a wand of acid (1)
 y - a wand of flame (21)
 D - a wand of random effects (24)
 E - a wand of iceblast (10)
 I - a wand of disintegration (16)
 M - a wand of paralysis (11)
 Q - a wand of enslavement (10)
Scrolls
 h - 2 scrolls of fog
 t - 2 scrolls of magic mapping
 u - 2 scrolls of enchant weapon
 A - 3 scrolls of remove curse
 H - a scroll of fear
 N - a scroll of identify
Potions
 b - 4 potions of lignification
 g - 3 potions of flight
 i - 6 potions of curing
 k - 2 potions of ambrosia
 l - 2 potions of invisibility
 m - 8 potions of stabbing
 n - 3 potions of resistance
 s - a potion of heal wounds
 z - 2 potions of mutation
 B - 2 potions of cancellation {unknown}
 G - a potion of magic {unknown}
 O - a potion of brilliance {unknown}


   Skills:
 + Level 10.3 Fighting
 - Level 14.0 Staves
 + Level 8.1 Crossbows
 + Level 10.4 Armour
 + Level 8.2 Dodging
 - Level 9.0 Shields


You had 13 spell levels left.
You didn't know any spells.
Your spell library contained the following spells:

 Spells                   Type           Power        Failure   Level
 Animate Skeleton         Necr           #.....       88%         1
 Pain                     Necr           #...         88%         1
 Shock                    Conj/Air       #...         88%         1
 Static Discharge         Conj/Air       #.......     99%         3
 Vampiric Draining        Necr           #.........   99%         3
 Airstrike                Air            #.........   100%        4
 Animate Dead             Necr           #.........   100%        4
 Agony                    Necr           #.......     100%        5
 Lightning Bolt           Conj/Air       #.........   100%        5
 Swiftness                Air            Unusable     N/A         2

Dungeon Overview and Level Annotations

Branches:
Dungeon (10/15)            Temple (1/1) D:4            Lair (6/6) D:8
  Swamp (0/4) Lair:2        Slime (0/5) Lair:5      Ossuary (visited)
  Snake: Lair:2-4    Spider: Lair:2-4       Orc: D:9-12

Altars:
Ashenzari
Cheibriados
Dithmenos
Elyvilon
Fedhas
Gozag
Hepliaklqana
Kikubaaqudgha
Makhleb
Nemelex Xobeh
Okawaru
Qazlal
Ru
Sif Muna
Trog
Uskayaw
Vehumet
Wu Jian
Xom
Yredelemnul
Zin
The Shining One

Shops:
D:7 }   D:10 *

Annotations:
Lair:1 exclusion: 4 oklob plants


Innate Abilities, Weirdness & Mutations

You cannot be hasted, slowed, berserked, paralysed or teleported.
You can dig through walls and to a lower floor.
Your four strong arms can wield two-handed weapons with a shield.
You have a pair of large antennae on your head. (SInv)


Message History

The dream sheep closely misses you.
The dream sheep bites you but does no damage.
The crocodile closely misses you. The crocodile bites you!!!
You wake up.
The dream sheep are wreathed in dream dust.
You feel drowsy...
You fall asleep.
The crocodile barely misses you. The crocodile bites you!!
You wake up.
* * * LOW HITPOINT WARNING * * *
You block the dream sheep's attack. The dream sheep bites you.
* * * LOW HITPOINT WARNING * * *
The dream sheep ruffle their wool and motes of dream dust sparkle, to no effect.
Items here: ††††.
The dream sheep bites the fungus.
The fungus begins to die.
The dream sheep are wreathed in dream dust.
You feel drowsy...
You fall asleep.
The dream sheep barely misses you. x2
The dream sheep misses you. The dream sheep bites you!!
You die...

*.........,,,,,,,
*....)....#......
##.......#*......
##P.......#*#.....
#.........###.....
#.........P##.....
*#{.PP......#.....
###tP.P....#......
#@YY.........!....
###Y.......#......
*#{{.......##.....
#.#.........#.....
##........#.#.....
#.........#.Y....
##.......P#......
*#P........##.....
#.........##......


You could see a crocodile and 3 dream sheep.

Vanquished Creatures
  5 hydras
  2 two-headed ogres
  4 death yaks (Lair:5)
  The ghost of melvinkitnick the Covert, a novice SpEn of Ashenzari (D:7)
  5 elephants (Lair:6)
  5 black mambas
  14 cane toads
  A rime drake (Lair:4)
  7 komodo dragons
  A troll (D:8)
  A hornet (D:8)
  A slime creature (Lair:5)
  4 bog bodies (Lair:2)
  4 blink frogs (Lair:1)
  5 hippogriffs
  7 wyverns (Lair:6)
  A wraith (D:10)
  A redback (Lair:6)
  34 yaks
  A swamp worm (Lair:2)
  Edmund (D:6)
  12 water moccasins
  4 porcupines
  2 sky beasts
  An ice beast (D:10)
  An eye of draining (D:8)
  3 orc warriors
  2 black bears
  2 phantoms (D:5)
  A necrophage (D:8)
  6 ogres
  16 wolves
  2 centaurs
  7 crocodiles
  15 bullfrogs
  A water moccasin skeleton (D:7)
  7 scorpions
  16 wights
  13 killer bees
  3 electric eels
  2 howler monkeys
  A centaur zombie (Ossuary)
  A quasit (D:8)
  A bullfrog zombie (D:7)
  A centaur skeleton (D:9)
  3 jellies (Lair:5)
  3 orc priests
  2 human zombies (Ossuary)
  A bullfrog skeleton (D:8)
  10 hounds
  10 orc wizards
  4 worker ants
  2 hound zombies
  2 hound skeletons
  3 mummies (Ossuary)
  2 worker ant zombies
  7 gnolls (D:5)
  4 adders
  4 scorpion zombies (Ossuary)
  2 shadow imps (D:7)
  A white imp (D:6)
  An adder skeleton (D:4)
  4 worms
  2 dart slugs (D:1)
  3 leopard geckos
  23 orcs
  9 bats
  7 giant cockroaches
  2 gnoll zombies (Ossuary)
  8 hobgoblins
  12 jackals
  8 quokkas
  5 frilled lizards
  11 goblins
  A hobgoblin zombie (Ossuary)
  5 kobolds
  An orc zombie (Ossuary)
  A quokka zombie (D:6)
  11 rats
399 creatures vanquished.

Vanquished Creatures (others)
  A scorpion (Ossuary)
  A hobgoblin zombie (Ossuary)
  13 fungi
  30 plants
45 creatures vanquished.

Grand Total: 444 creatures vanquished

Notes
Turn   | Place    | Note
-------+----------+-------------------------------------------
     0 | D:1      | HoaS the Formicid Fighter began the quest for the Orb.
     0 | D:1      | Reached XP level 1. HP: 18/18 MP: 1/1
    76 | D:1      | Reached XP level 2. HP: 24/24 MP: 2/2
   319 | D:1      | Reached XP level 3. HP: 29/29 MP: 3/3
   323 | D:1      | Reached skill level 3 in Staves
   548 | D:1      | Reached XP level 4. HP: 35/35 MP: 4/4
  1617 | D:2      | Reached skill level 4 in Staves
  1783 | D:3      | Found a stormy altar of Qazlal.
  1803 | D:3      | Reached XP level 5. HP: 41/41 MP: 5/5
  2851 | D:4      | Reached skill level 5 in Shields
  2981 | D:4      | Found a staircase to the Ecumenical Temple.
  3015 | D:4      | Found a sand-covered staircase.
  3021 | Ossuary  | Entered an ossuary
  3220 | Ossuary  | Reached skill level 5 in Staves
  3220 | Ossuary  | Reached XP level 6. HP: 43/47 MP: 6/6
  3478 | Ossuary  | Reached XP level 7. HP: 40/52 MP: 7/7
  3480 | Ossuary  | Reached skill level 6 in Staves
  3809 | Temple   | Entered the Ecumenical Temple
  4074 | Temple   | Became a worshipper of Makhleb the Destroyer
  4498 | D:5      | Entered Level 5 of the Dungeon
  4693 | D:5      | Reached skill level 7 in Staves
  4693 | D:5      | Reached XP level 8. HP: 50/58 MP: 8/8
  5259 | D:5      | Reached * piety under Makhleb
  5303 | D:5      | Reached skill level 8 in Staves
  6142 | D:6      | Reached XP level 9. HP: 43/64 MP: 9/9
  6282 | D:6      | Noticed Edmund
  6298 | D:6      | Killed Edmund
  6298 | D:6      | Reached skill level 9 in Staves
  6994 | D:7      | Found a runed translucent door.
  6994 | D:7      | Noticed melvinkitnick's ghost (novice SpEn)
  6999 | D:7      | Noticed a hippogriff
  7016 | D:7      | Killed a hippogriff
  7131 | D:7      | Reached skill level 10 in Staves
  7365 | D:7      | Reached ** piety under Makhleb
  7456 | D:7      | Reached skill level 11 in Staves
  7514 | D:7      | Found Suhauj's Gadget Shop.
  7593 | D:7      | Reached XP level 10. HP: 70/70 MP: 10/10
  7910 | D:8      | Noticed a moth of wrath
  7913 | D:8      | Found a bloodstained altar of Trog.
  8169 | D:8      | Reached skill level 12 in Staves
  8526 | D:8      | Found a staircase to the Lair.
  8988 | D:9      | Reached skill level 13 in Staves
  9096 | D:9      | Reached *** piety under Makhleb
  9125 | D:9      | Noticed a two-headed ogre
  9127 | D:9      | Found an opulent altar of Gozag.
  9132 | D:9      | Killed a two-headed ogre
  9132 | D:9      | Reached XP level 11. HP: 75/75 MP: 11/11
  9241 | D:9      | Found a sparkling altar of Nemelex Xobeh.
  9694 | D:10     | Entered Level 10 of the Dungeon
  9697 | D:9      | Reached skill level 14 in Staves
  9901 | D:10     | Reached skill level 1 in Dodging
 10030 | D:10     | Got a brightly glowing plate armour
 10037 | D:10     | Identified the +3 plate armour of Wouxte {MP-9 Str+9
                  | Stlth+} (You found it on level 10 of the Dungeon)
 10057 | D:10     | Noticed a two-headed ogre
 10064 | D:10     | Killed a two-headed ogre
 10064 | D:10     | Reached skill level 5 in Fighting
 10064 | D:10     | Reached skill level 5 in Armour
 10217 | D:10     | Reached **** piety under Makhleb
 10444 | D:10     | Found Nusor's General Store.
 10551 | Lair:1   | Entered Level 1 of the Lair of Beasts
 11040 | Lair:1   | Reached skill level 1 in Crossbows
 11040 | Lair:1   | Reached XP level 12. HP: 81/89 MP: 3/12
 11253 | Lair:1   | Reached skill level 5 in Dodging
 11920 | D:7      | Killed melvinkitnick's ghost
 11920 | D:7      | Reached ***** piety under Makhleb
 12467 | Lair:2   | Found a staircase to the Swamp.
 12711 | Lair:2   | Reached skill level 5 in Crossbows
 12934 | Lair:2   | Noticed a four-headed hydra
 12948 | Lair:2   | Killed a four-headed hydra
 13187 | Lair:2   | Reached XP level 13. HP: 98/98 MP: 4/13
 13637 | Lair:3   | You fall into a shaft and drop 3 floors!
 13637 | Lair:6   | Entered Level 6 of the Lair of Beasts
 13977 | Lair:5   | Noticed an eight-headed hydra
 13994 | Lair:5   | Killed an eight-headed hydra
 14068 | Lair:5   | Noticed a four-headed hydra
 14105 | Lair:5   | Killed a four-headed hydra
 14157 | Lair:5   | Found a staircase to the Slime Pits.
 14233 | Lair:4   | Noticed a seven-headed hydra
 14252 | Lair:4   | Killed a seven-headed hydra
 14316 | Lair:3   | Noticed a seven-headed hydra
 14324 | Lair:3   | Killed a seven-headed hydra
 14324 | Lair:3   | Reached skill level 10 in Fighting
 14324 | Lair:3   | Reached skill level 10 in Armour
 14482 | Lair:3   | Reached XP level 14. HP: 110/110 MP: 5/14
 15044 | Lair:4   | You fall into a shaft and drop 2 floors!
 15078 | Lair:6   | Reached ****** piety under Makhleb
 15137 | Lair:6   | HP: 4/111 [dream sheep (3)]
 15146 | Lair:6   | Mangled by a dream sheep

Illustrated notes

Levels and vault maps discovered:
D:1:      tarquinn_simple_flora_water_f, layout_rooms, minmay_ruptured
D:2:      layout_basic
D:3:      layout_basic, lemuel_altar_in_water
D:4:      layout_loops_corners, minmay_temple_entry_drinking_statues,
          enter_ossuary_1
D:5:      layout_loops_ring, moated_statue
D:6:      layout_loops_ring, serial_bayou_pond_e, uniq_edmund
D:7:      layout_cave_pools, serial_shops, shop, gammafunk_ghost_grave,
          minmay_holes
D:8:      layout_basic, erik_lair_island, tgw_trog
D:9:      layout_irregular_city, nicolae_overflow_hidden_temple,
          grunt_gozag_statues
D:10:     layout_roguey, serial_shops, kennysheep_mini_moat
Temple:   nicolae_temple_the_god_donut
Lair:1:   layout_chaotic_city, grunt_forest_small_clearings, lemuel_fruit_tree,
          infiniplex_staircase_pool, minmay_lair_oklob_chamber,
          grunt_megastairs_1
Lair:2:   layout_regular_city, nicolae_swamp_entry_splash_gauntlet
Lair:3:   layout_concentric_octagons
Lair:4:   layout_cave_pods, dummy_spider_entry, grunt_forest_large_clearings
Lair:5:   layout_roguey, minmay_slime_entry_pillars, uniq_nessos
Lair:6:   hangedman_lair_tendril_chambers, layout_long_grid,
          serial_bayou_shore_a

Skill      XL: |  1  2  3  4  5  6  7  8  9 10 11 12 13 14 |
---------------+-------------------------------------------+-----
Shields        | 4 5 6 8 9 |  9.0
Staves         | 3 4 5 7 8 11 13 14 | 14.0
Dodging        | 4 6 7 8 |  8.2
Fighting       | 6 8 10 | 10.3
Armour         | 6 8 10 | 10.4
Crossbows      | 1 5 7 8 |  8.1

Action                   |  1- 3 |  4- 6 |  7- 9 | 10-12 | 13-15 || total
-------------------------+-------+-------+-------+-------+-------++-------
Melee: Quarterstaff      |    87 |   156 |   349 |   699 |   436 ||  1727
 Abil: Dig               |     2 |       |    10 |     6 |    10 ||    28
Evoke: Wand              |       |       |     1 |     2 |       ||     3
  Use: Scroll            |     5 |     7 |     8 |     8 |     8 ||    36
       Potion            |       |       |     1 |     2 |     8 ||    11
 Stab: Distracted        |       |       |     1 |       |       ||     1
Armor: Scale mail        |    32 |       |       |       |       ||    32
       Chain mail        |     1 |    56 |    42 |       |       ||    99
       Plate armour      |       |       |    71 |   135 |   121 ||   327
Dodge: Dodged            |    25 |    26 |    48 |    87 |   139 ||   325
Block: Kite shield       |    52 |    66 |   174 |   220 |   224 ||   736

Table legend: (Time is in decaauts)
 A = Elapsed time spent in this place.
 B = Non-inter-level travel time spent in this place.
 C = Inter-level travel time spent in this place.
 D = Time resting spent in this place.
 E = Time spent auto-exploring this place.
 F = Levels seen in this place.
 G = Mean time per level.
                   A        B        C        D        E       F      G
               +--------+--------+--------+--------+--------+-----+--------+
         Total |  14679 |  14160 |    519 |   2196 |   8860 |  18 |  815.5 |
       Dungeon |   9428 |   9058 |    370 |   1148 |   6007 |  10 |  942.8 |
        Temple |    282 |    254 |     28 |      0 |    236 |   1 |  282.0 |
          Lair |   4196 |   4075 |    121 |    742 |   2403 |   6 |  699.3 |
       Ossuary |    771 |    771 |      0 |    306 |    213 |   1 |  771.0 |
               +--------+--------+--------+--------+--------+-----+--------+

Top non-repeatable levels by time:
  Lair:2: 1421 daAuts
     D:6: 1355 daAuts
  Lair:1: 1292 daAuts
     D:8: 1174 daAuts
     D:5: 1104 daAuts
     D:2: 1023 daAuts
     D:4: 879 daAuts
     D:3: 837 daAuts
     D:7: 834 daAuts
 Ossuary: 771 daAuts
     D:9: 755 daAuts
     D:1: 745 daAuts
    D:10: 718 daAuts
  Lair:3: 691 daAuts
  Lair:5: 345 daAuts
